AoeStats
← ✪

Arabia

508423761Analyzed
1v1 RM · 11d ago on Sep 22, 2026· 60m 48s· 2 players
Game mode
Random Map
Map size
Tiny (2 player)
Population
200
Speed
Normal
Resources
Standard
Victory
Conquest
Starting age
Dark Age
Ending age
Imperial Age
RankedLock teamsTeams togetherTeam positionsShared explorationLock speedFull tech treeHidden civsTurbo modeCheats
Victory
Defeat
🇮🇳 Vikings · India
998
+18
🇹🇷 Gurjaras · Türkiye
1043
-18
Jassi
8:16 Loom
10:05 Feudal Age
12:39 Double-Bit Axe
18:43 Castle Age
16:38 Horse Collar
17:42 Gold Mining
17:49 Man-at-Arms
19:02 Arson
19:18 Town Watch
19:27 Gambesons
19:04 Long Swordsman
20:21 Forging
21:20 Squires
22:54 Scale Mail Armor
24:18 Iron Casting
26:34 Stone Mining
31:12 Chain Mail Armor
30:24 Pikeman
32:06 Gold Shaft Mining
31:59 Heavy Plow
32:11 Bow Saw
33:30 Scale Barding Armor
33:28 Fletching
34:55 Chain Barding Armor
38:55 Imperial Age
36:44 Treadmill Crane
37:02 Murder Holes
37:21 Bodkin Arrow
39:15 Padded Archer Armor
39:24 Chieftains
41:31 Blast Furnace
41:02 Plate Mail Armor
41:27 Conscription
40:41 Elite Berserk
42:06 Bracer
43:12 Two-Man Saw
42:47 Crop Rotation
43:37 Bracer
44:01 Ballistics
44:42 Chemistry
43:48 Siege Engineers
43:28 Elite Skirmisher
44:32 Bogsveigar
46:24 Leather Archer Armor
✪
7:06 Loom
10:29 Feudal Age
11:09 Double-Bit Axe
15:01 Bloodlines
17:32 Wheelbarrow
20:45 Castle Age
19:19 Bloodlines
20:18 Gold Mining
20:10 Horse Collar
20:42 Scale Barding Armor
21:45 Bow Saw
22:13 Husbandry
25:56 Forging
26:28 Chain Barding Armor
27:35 Gold Shaft Mining
27:41 Stone Mining
31:34 Kshatriyas
39:48 Imperial Age
37:36 Hand Cart
39:29 Fletching
39:44 Heavy Plow
39:35 Light Cavalry
40:29 Masonry
41:24 Gold Shaft Mining
40:36 Elite Elephant Archer
42:21 Thumb Ring
43:30 Hussar
45:44 Frontier Guards
45:47 Conscription
46:03 Town Watch
47:18 Bodkin Arrow
48:51 Bracer
48:51 Padded Archer Armor
52:06 Leather Archer Armor
55:04 Plate Barding Armor
54:53 Ballistics
55:38 Stone Shaft Mining
57:24 Hoardings
57:31 Murder Holes
59:28 Iron Casting
60:38 Architecture
Connection lost

Rejoining the realm…

Still unreachable

The connection could not be restored.

Session expired

The server has moved on; the page needs a fresh start.